 Dungeon Crawl Stone Soup version 0.17-a0-2147-gfb20a63 (webtiles) character file.

19 wvc the Cutter (level 2, 2/18 HPs)
             Began as a Halfling Wanderer on Oct 24, 2015.
             Quit the game on level 2 of the Dungeon.
             The game lasted 00:02:15 (1135 turns).

wvc the Cutter (Halfling Wanderer)                  Turns: 1135, Time: 00:02:16

Health: 2/18       AC:  2    Str: 13    XL:     2   Next: 95%
Magic:  3/3        EV: 14    Int: 12    God:
Gold:   23         SH:  0    Dex: 14    Spells: 0 memorised, 3 levels left

rFire  . . .     SeeInvis .     b - +0 short sword
rCold  . . .     Clarity  .     d - +0 robe
rNeg   . . .     SustAt   .     (shield restricted)
rPois  .         Gourm    .     (no helmet)
rElec  .         Spirit   .     (no cloak)
rCorr  .         Warding  .     (no gloves)
rMut   .         Stasis   .     (no boots)
MR     .....                    (no amulet)
Stlth  +.........               (no ring)
                                l - +3 ring of strength

@: lethally poisoned (2 -> -5), not resistant to hostile enchantments, very
unstealthy
A: mutation resistance 1
a: no special abilities


You were on level 2 of the Dungeon.
You were hungry.

You visited 1 branch of the dungeon, and saw 2 of its levels.

You collected 23 gold pieces.

Inventory:

Hand Weapons
 b - a +0 short sword (weapon)
 g - a +0 hunting sling
Missiles
 f - 57 stones (quivered)
Armour
 d - a +0 robe (worn)
Jewellery
 l - a +3 ring of strength (left hand)
Scrolls
 h - a scroll of identify {unknown}
 k - a scroll of fear {unknown}
 n - a scroll of recharging {unknown}
Potions
 j - a potion of heal wounds {unknown}
 m - a potion of degeneration {unknown}
Books
 a - a book of Geomancy

   Spells                             Type                      Level
   a - Sandblast                      Earth                        1
   b - Stoneskin                      Transmutation/Earth          2
   c - Passwall                       Transmutation/Earth          3
   d - Stone Arrow                    Conjuration/Earth            3
   e - Petrify                        Transmutation/Earth          4
   f - Lee's Rapid Deconstruction     Earth                        5
 c - the Incunabulum of Feathery Attacks

   Spells                             Type                      Level
   a - Shock                          Conjuration/Air              1
   b - Static Discharge               Conjuration/Air              3
Comestibles
 e - a bread ration
 i - a royal jelly


   Skills:
 + Level 1.2 Fighting
 - Level 2.6 Short Blades
 - Level 1.1 Throwing
 * Level 1.0 Armour
 * Level 1.8 Dodging
   Level 1.1 Shields
 - Level 1.0 Spellcasting
   Level 1.5 Necromancy
   Level 2.0 Earth Magic


You had 3 spell levels left.
You didn't know any spells.

Dungeon Overview and Level Annotations

Branches:
Dungeon (2/15)

Altars:


Innate Abilities, Weirdness & Mutations

You are small and have problems with some larger weapons.
You are somewhat resistant to further mutation.


Message History

You are poisoned.
The adder poisons you!
There is a stone staircase leading up here.
Unknown command.
You closely miss the adder.
You feel sick. The bat closely misses you. The adder misses you.
The adder closely misses you.
You miss the adder. The bat completely misses you. The adder misses you.
You barely miss the adder.
You feel sick. The bat closely misses you. The adder misses you.
You hit the adder.
The adder is almost dead.
The bat hits you but does no damage. The adder bites you. The adder bites you.
You barely miss the adder.
The adder is almost dead.
* * * LOW HITPOINT WARNING * * *
You feel sick. The adder bites you.
* * * LOW HITPOINT WARNING * * *
You are more poisoned.
The adder poisons you! The bat misses you.
Are you sure you want to abandon this character and quit the game? (Confirm with "yes".)

#. .. #. #
#.# .##
#.####..#
###.......#
#...b.....##
#...@....<.#
#....S.....#
#..........#
#...........
#.........#.
#.........#
#.........#
..........#
#......#####


You could see an adder and a bat.

Vanquished Creatures
  2 giant geckos (D:1)
  A ball python (D:1)
  3 bats (D:1)
  3 hobgoblins (D:1)
  5 goblins (D:1)
  2 kobolds (D:1)
16 creatures vanquished.

Notes
Turn   | Place    | Note
--------------------------------------------------------------
     0 | D:1      | wvc the Halfling Wanderer began the quest for the Orb.
     0 | D:1      | wvc set off with: a book of Geomancy, a +0 short sword, the Incunabulum of Feathery Attacks, a +0 robe, a bread ration
     0 | D:1      | Reached XP level 1. HP: 13/13 MP: 2/2
   132 | D:1      | Identified the Incunabulum of Feathery Attacks
   393 | D:1      | Reached skill level 1 in Dodging
   393 | D:1      | Reached XP level 2. HP: 15/18 MP: 3/3
   613 | D:1      | Reached skill level 1 in Armour
  1121 | D:1      | You fall through a shaft!
  1135 | D:2      | Quit the game

Vault maps used:
D:1:      dpeg_arrival_tiny_b, minmay_distorted
D:2:      minmay_kobold_bridge, serial_park_tiny_1

Action                   || total
-------------------------++-------
Melee: Short sword       ||    69
 Stab: Sleeping          ||     2
